 Dungeon Crawl Stone Soup version 0.27-a0-1291-geefcff550b (webtiles) character file.

Game seed: 15387518700742461291

175 dickylongcocking the Skirmisher (level 5, -4/43 HPs)
             Began as a Djinni Fire Elementalist on June 15, 2021.
             Killed by an exploding gnoll (10 damage)
             ... ignited by their inner flame
             ... on level 5 of the Dungeon.
             The game lasted 00:02:29 (4772 turns).

dickylongcocking the Skirmisher (DjFE)              Turns: 4772, Time: 00:02:29

Health: -4/43      AC:  5    Str:  7    XL:     5   Next: 86%
Gold:   130        EV: 12    Int: 17    God:
                   SH:  0    Dex: 14

rFire    + + .     SeeInvis .   g - +2 short sword (vamp)
rCold    x . .     Faith    .   (no shield)
rNeg     . . .     Spirit   .   a - +0 robe
rPois    ∞         Reflect  .   e - +2 helmet
rElec    .         Harm     .   (no cloak)
rCorr    .         Rampage  .   (no gloves)
Will     .....                  (boots unavailable)
Stlth    ++........             (no amulet)
HPRegen  0.14/turn              (no ring)
MPRegen  0.00/turn              (no ring)

@: flying, very slightly contaminated
A: sickness immunity, fire resistance 2, cold vulnerability 1, float, innate
caster, hp casting, extra vitality 1
a: no special abilities


You were on level 5 of the Dungeon.
You visited 1 branch of the dungeon, and saw 5 of its levels.

You collected 130 gold pieces.

Inventory:

Hand Weapons
 b - a +0 dagger
 g - a +2 vampiric short sword (weapon)
Armour
 a - a +0 robe (worn)
 e - a +2 helmet (worn)
Scrolls
 c - 2 scrolls of amnesia {unknown}
 d - a scroll of fog {unknown}
 k - a scroll of summoning {unknown}
Potions
 i - a potion of flight


   Skills:
 * Level 5.0 Fighting
 - Level 2.2 Dodging
 - Level 1.5 Stealth
 - Level 2.4 Spellcasting


You couldn't memorise any spells.
You knew the following spells:

 Your Spells              Type           Power      Damage    Failure   Level
a - Foxfire               Conj/Fire      40%        2x1d6     7%          1
b - Conjure Flame         Conj/Fire      10%        6-21      21%         3
c - Inner Flame           Hex/Fire       10%        N/A       21%         3
d - Sticky Flame          Conj/Fire      10%        2d3       56%         4
e - Fireball              Conj/Fire      5%         3d5       88%         5
f - Corona                Hex            11%        N/A       7%          1
g - Wereblood             Tmut           10%        N/A       11%         2
Your spell library was empty.

Dungeon Overview and Level Annotations

Branches:
Dungeon (6/15)
 Temple: D:4-7

Altars:
Xom


Innate Abilities, Weirdness & Mutations

You are immune to sickness and miasma.
You are immune to poison.
Your flesh is very heat resistant. (rF++)
You are vulnerable to cold. (rC-)
You float through the air rather than walking.
You learn spells naturally, not from books.
Your magical power is your life essence.
You have superior vitality. (+4 HP)


Message History

Unknown command.
Casting: Sticky Flame (extremely dangerous; 56% risk of failure)
Confirm with . or Enter, or press ? or * to list all spells.
The spell is extremely dangerous to cast (56% risk of failure)!
Continue anyway?
Aiming: Sticky Flame (extremely dangerous; 56% risk of failure)
Press: ? - help, Shift-Dir - straight line, f/p - gnoll
Aim: a gnoll, wielding a +0 club (inner flame, 100% to hit)
You miscast Sticky Flame.
You are blasted with fire.
You resist. The gnoll hits you with a +0 club.
* * * LOW HITPOINT WARNING * * *
The gnoll hits you from afar with a +0 spear.
* * * LOW HITPOINT WARNING * * *
Unknown command.
Unknown command.
The gnoll hits you with a +0 club.
* * * LOW HITPOINT WARNING * * *
You are confused.
You feel invigorated.
The gnoll hits you from afar with a +0 spear!
* * * LOW HITPOINT WARNING * * *
The gnoll barely misses you.
Unknown command.
Unknown command.
You're too confused to move!
The gnoll hits you but does no damage. x2
You feel less invigorated.
You feel less confused.
Okay, then.
As you read the scroll labelled KATODW WASH, it crumbles to dust.
You feel aware of your surroundings.
It was a scroll of magic mapping.
The gnoll barely misses you.
Unknown command.
As you read the scroll labelled QESIOPSINURAN, it crumbles to dust.
Your body is wracked with pain!
* * * LOW HITPOINT WARNING * * *
The gnoll convulses!
Flame seeps out of the gnoll.
The gnoll convulses! x2
It was a scroll of torment.
The gnoll hits you but does no damage.
The gnoll is engulfed in blazing flames.
The gnoll explodes!
The fiery explosion engulfs you! You resist.
You die...

***,,,,,...#**,,,,,,,,,,,,,,
**,,,,,,**#..##*,,,,,,,,,,,,,
*,,,,,*** *#..###***,,,,,,,,,
**,,,*** ##...###********,,
*,,,,,>* #...Z..#### *,,
**,,,,,* #..g.##.gZ#** **,
*,,,,,* ##§.g#####...#*****
**,,,,,* #.§○## *......#*,
*,,,,,,* ##.@§# *.......,,
*,,,,,,* #....# *......#,,
**,,,,,* ##....# *.......*,
*,,,,,* #.....# *.......**
*,,,,,*##..#..# *#......**
**,,,,*#...#..# *,,,,,,,*
**,,,##..###.# **,,,,,,*
***,#...# ### *,,,,***
*##..## ******


You could see 2 gnolls and a hound skeleton.

Vanquished Creatures
  A scorpion (D:5)
  A gnoll (D:5)
  6 adders
  A worm (D:3)
  2 dart slugs
  5 ball pythons
  3 bats
  4 endoplasms
  2 giant cockroaches
  3 goblins
  12 hobgoblins
  2 jackals (D:1)
  4 kobolds
  7 frilled lizards
  11 rats
64 creatures vanquished.

Vanquished Creatures (others)
  231 foxfires
231 creatures vanquished.

Grand Total: 295 creatures vanquished

Notes
Turn   | Place    | Note
-------+----------+-------------------------------------------
     0 | D:1      | dickylongcocking the Djinni Fire Elementalist began the
                  | quest for the Orb.
     0 | D:1      | Reached XP level 1. HP: 15/15 MP: 0/0
   225 | D:1      | Reached skill level 1 in Fighting
   242 | D:1      | Reached XP level 2. HP: 2/22 MP: 0/0
  1037 | D:1      | Reached skill level 2 in Fighting
  1347 | D:1      | Reached XP level 3. HP: 17/28 MP: 0/0
  1347 | D:1      | Learned a level 1 spell: Corona
  2619 | D:2      | Reached skill level 3 in Fighting
  2619 | D:2      | Reached XP level 4. HP: 13/35 MP: 0/0
  2897 | D:2      | Found a faded altar of an unknown god.
  3764 | D:2      | Reached skill level 4 in Fighting
  4204 | D:3      | Reached XP level 5. HP: 41/41 MP: 0/0
  4204 | D:3      | Learned a level 2 spell: Wereblood
  4250 | D:3      | Found a shimmering altar of Xom.
  4616 | D:3      | You are sucked into a shaft and drop 3 floors!
  4618 | D:6      | Noticed a water moccasin
  4622 | D:5      | Entered Level 5 of the Dungeon
  4656 | D:5      | Reached skill level 5 in Fighting
  4766 | D:5      | HP: 1/43 [gnoll (8)]
  4772 | D:5      | Killed by an exploding gnoll... ignited by their inner
                  | flame

Illustrated notes

Levels and vault maps discovered:
D:1:      lightli_arrival_flooded_house, layout_loops_corners
D:2:      layout_loops_ring, ebering_ecumenical_altar_mist,
          minmay_randomly_rotated_circles
D:3:      layout_basic, doesnt_xom_only_xom
D:5:      layout_cave_pods, serial_bayou_ford_a
D:6:      layout_loops_ring, lightli_temple_of_fire,
          minmay_temple_entry_mini_moons, minmay_circle_x

Skill      XL: |  1  2  3  4  5 |
---------------+----------------+-----
Fighting       | 1 2 3 4 5 |  5.0
Dodging        | |  2.2
Stealth        | |  1.5
Spellcasting   | |  2.4

Action                   |  1- 3 |  4- 6 || total
-------------------------+-------+-------++-------
Melee: Unarmed           |    17 |       ||    17
       Dagger            |    26 |    14 ||    40
       Short sword       |       |    18 ||    18
 Cast: Foxfire           |    83 |    75 ||   158
       Inner Flame       |     1 |     1 ||     2
  Use: Potion            |     1 |     4 ||     5
       Scroll            |       |     2 ||     2
 Stab: Sleeping          |       |     1 ||     1
Armor: Robe              |    12 |    18 ||    30
Dodge: Dodged            |    60 |    56 ||   116

Table legend: (Time is in decaauts)
 A = Elapsed time spent in this place.
 B = Non-inter-level travel time spent in this place.
 C = Inter-level travel time spent in this place.
 D = Time resting spent in this place.
 E = Time spent auto-exploring this place.
 F = Levels seen in this place.
 G = Mean time per level.
                   A        B        C        D        E       F      G
               +--------+--------+--------+--------+--------+-----+--------+
         Total |   4773 |   4696 |     77 |    638 |   3526 |   5 |  954.6 |
       Dungeon |   4773 |   4696 |     77 |    638 |   3526 |   5 |  954.6 |
               +--------+--------+--------+--------+--------+-----+--------+

Top non-repeatable levels by time:
     D:1: 2803 daAuts
     D:2: 1313 daAuts
     D:3: 499 daAuts
     D:5: 150 daAuts
     D:6: 5 daAuts
